 Dungeon Crawl Stone Soup version 0.18.1-8-gdd0e5ea (webtiles) character file.

70 imganon the Chopper (level 4, 31/35 HPs)
             Began as a Demonspawn Berserker on May 22, 2016.
             Was a Believer of Trog.
             Got out of the dungeon alive.
             The game lasted 00:01:53 (1678 turns).

imganon the Chopper (Demonspawn Berserker)          Turns: 1678, Time: 00:01:54

Health: 31/35      AC:  9    Str: 19    XL:     4   Next: 4%
Magic:  4/4        EV:  8    Int:  8    God:    Trog [**....]
Gold:   48         SH:  0    Dex: 12    Spells: 0 memorised, 3 levels left

rFire  . . .     SeeInvis .     i - +1 hand axe (freeze)
rCold  . . .     Gourm    .     o - +0 chain mail
rNeg   . . .     Faith    .     (no shield)
rPois  .         Spirit   +     (no helmet)
rElec  .         Dismiss  .     (no cloak)
rCorr  .         Reflect  .     (no gloves)
SustAt .         Harm     .     (no boots)
MR     .....                    (no amulet)
Stlth  ..........               (no ring)
                                (no ring)

@: not resistant to hostile enchantments, extremely unstealthy
A: icy blue scales 1, magic shield
a: Berserk, Trog's Hand, Burn Spellbooks, Renounce Religion


You escaped.
You worshipped Trog.
Trog was pleased with you.
You were not hungry.

You visited 1 branch of the dungeon, and saw 2 of its levels.

You collected 48 gold pieces.

Inventory:

Hand Weapons
 i - a +1 hand axe of freezing (weapon)
Armour
 o - a +0 chain mail (worn)
Scrolls
 d - a scroll of identify {unknown}
 e - 2 scrolls of enchant weapon {unknown}
 f - a scroll of magic mapping {unknown}
 h - a scroll of blinking {unknown}
 l - a scroll of remove curse {unknown}
 m - a scroll of fear {unknown}
Potions
 k - a potion of agility {unknown}
 n - a potion of degeneration {unknown}
Comestibles
 c - 4 bread rations
 g - a meat ration


   Skills:
 - Level 3.0 Fighting
 + Level 4.4 Axes
 - Level 1.7 Armour
 - Level 1.7 Dodging


You had 3 spell levels left.
You didn't know any spells.

Dungeon Overview and Level Annotations

Branches:
Dungeon (2/15)

Altars:


Innate Abilities, Weirdness & Mutations

You are partially covered in icy blue scales (AC +1).
When hurt, damage is shared between your health and your magic reserves.


Message History

There is an escape hatch in the ceiling here.
A mysterious force pulls you upwards. The hatch slams shut behind you.
Unknown command.
There is an open door here.
A rat comes into view.
You can't go up here!
The rat bites you.
You closely miss the rat. The rat bites you but does no damage.
You hit the rat but do no damage. The rat bites you but does no damage.
You hit the rat. You freeze the rat.
You kill the rat!
Trog accepts your kill.
No target in view!
You see here a rat corpse.
There is a fountain of clear blue water here.
There is an open door here.
There is an open door here.
There is a staircase leading out of the dungeon here.
Are you sure you want to leave the Dungeon?
This will make you lose the game!
You have escaped!

..#######.# .## ### #.##
..###.###..######## #######
...##........##...###..##.#
....##†...................#
###....#......#####.......#
..####.....####...####....#
.....###+###.........###.##
⌠......'.'......@......#..#
.....###'###.........###..#
..####.....####...####....#
###.....###...#####.....###
.....##...##.......(#.###
.###############....### ##
######


There were no monsters in sight!

Vanquished Creatures
  3 adders (D:2)
  A worm (D:2)
  2 dart slugs (D:1)
  A giant gecko (D:1)
  4 bats
  6 goblins
  5 hobgoblins
  2 jackals (D:2)
  4 kobolds
  2 giant newts (D:1)
  5 rats
35 creatures vanquished.

Notes
Turn   | Place    | Note
--------------------------------------------------------------
     0 | D:1      | imganon the Demonspawn Berserker began the quest for the Orb.
     0 | D:1      | Reached XP level 1. HP: 18/18 MP: 1/1
    80 | D:1      | Reached skill level 3 in Axes
   142 | D:1      | Gained mutation: You are partially covered in icy blue scales (AC +1). [demonic ancestry]
   142 | D:1      | Reached XP level 2. HP: 12/24 MP: 2/2
   919 | D:1      | Reached ** piety under Trog
   981 | D:1      | Reached XP level 3. HP: 29/29 MP: 3/3
  1220 | D:2      | Reached skill level 4 in Axes
  1585 | D:2      | Gained mutation: When hurt, damage is shared between your health and your magic reserves. [demonic ancestry]
  1585 | D:2      | Reached XP level 4. HP: 27/35 MP: 4/4
  1678 | D:$      | Got out of the dungeon alive.

Skill      XL: |  1  2  3 |
---------------+----------+-----
Axes           | 3 4 |  4.4
Fighting       | |  3.0
Armour         | |  1.7
Dodging        | |  1.7

Action                   |  1- 3 |  4- 6 || total
-------------------------+-------+-------++-------
Melee: Hand axe          |    96 |     4 ||   100
 Stab: Sleeping          |     1 |       ||     1
  Eat: Chunk             |     2 |       ||     2
Armor: Animal skin       |     8 |       ||     8
       Chain mail        |    18 |     2 ||    20
Dodge: Dodged            |    59 |       ||    59
